[Event "Reykjavik Open 2022"]
[Site "Reykjavik"]
[Date "2022.04.07"]
[Round "2.48"]
[White "Zheng, Harry Z"]
[Black "Ptacnikova, Lenka"]
[Result "1/2-1/2"]
[ECO "B48"]
[WhiteElo "1718"]
[BlackElo "2173"]
[Annotator "ChessBase"]
[PlyCount "96"]
[EventDate "2022.04.06"]
[EventCountry "ISL"]
[SourceTitle "playchess.com"]
[Source "ChessBase"]
[SourceQuality "1"]
[TimeControl "40/5400+30:1800+30"]

1. e4 c5 2. Nf3 e6 3. d4 cxd4 4. Nxd4 Nc6 5. Nc3 Qc7 6. Be3 a6 7. Qd2 Nf6 8. O-O-O Bb4 9. f3 O-O 10. g4 d5 11. g5 Nd7 12. exd5 exd5 13. a3 Ba5 14. Nb3 Bxc3 15. Qxc3 Qe5 16. Qxe5 Ndxe5 17. f4 Nc4 18. Bc5 Bg4 19. Rxd5 Bf3 20. Bxc4 Bxh1 21. Rd1 Bf3 22. Rf1 Be4 23. Bxf8 Kxf8 24. Nc5 b5 25. Bxb5 axb5 26. Nxe4 b4 27. Rf3 Nd4 28. Re3 bxa3 29. Rxa3 Rxa3 30. bxa3 Ne2+ 31. Kd2 Nxf4 32. a4 Ke7 33. Kc3 Kd7 34. Kc4 Kc6 35. Nd2 Nd5 36. Nf3 Nb6+ 37. Kb4 Nd5+ 38. Kb3 Kc5 39. Ne5 f5 40. gxf6 Nxf6 41. c4 g5 42. a5 g4 43. Nd3+ Kc6 44. Nb4+ Kb7 45. c5 h5 46. c6+ Kc7 47. a6 Kb6 48. Kc4 h4 1/2-1/2

[Event "Reykjavik Open 2022"]
[Site "Reykjavik"]
[Date "2022.04.07"]
[Round "2.49"]
[White "Solnicki, Michal"]
[Black "Baecker, Niko"]
[Result "0-1"]
[ECO "A12"]
[WhiteElo "2182"]
[BlackElo "1843"]
[Annotator "TA"]
[PlyCount "160"]
[EventDate "2022.04.06"]
[EventCountry "ISL"]
[SourceTitle "playchess.com"]
[Source "ChessBase"]
[SourceQuality "1"]
[TimeControl "40/5400+30:1800+30"]

1. Nf3 Nf6 2. c4 c6 3. b3 d5 4. Bb2 Bf5 5. g3 e6 6. Bg2 Be7 7. O-O O-O 8. d3 h6 9. Nbd2 Nbd7 10. Re1 Bg6 11. Qc2 Rc8 12. e4 Nc5 13. Ne5 Bh7 14. b4 Ncd7 15. Nxd7 Nxd7 16. Qc3 Bf6 17. Qa3 Bxb2 18. Qxb2 c5 19. d4 cxd4 20. Qxd4 dxc4 21. Nxc4 Qc7 22. Bf1 Nb6 23. Na5 Rfd8 24. Qe3 Qe7 25. a3 e5 26. Rac1 Kh8 27. Nb3 f6 28. Nc5 Rd4 29. f3 Bg8 30. Rc3 Nc4 31. Bxc4 Rxc4 32. Rxc4 Bxc4 33. Rc1 Bf7 34. Kf2 b6 35. Nd3 Rxc1 36. Qxc1 Qe6 37. Ke3 Qb3 38. Qb2 Qc4 39. f4 Bg6 40. Nf2 Kh7 41. fxe5 fxe5 42. g4 Qf1 43. h3 Qc4 44. h4 Qf7 45. Qxe5 Qb3+ 46. Nd3 Qxa3 47. h5 Bf7 48. Qf5+ Kg8 49. Qc8+ Kh7 50. Qc2 (50. e5 $11 Qb3 51. Qf5+ Kg8 52. Qd7) 50... Bg8 (50... Qb3 $1 $15 51. Qc8 (51. Qxb3 Bxb3 52. Kd4 g5 $17) 51... Be6) 51. e5 $11 a5 52. b5 Qb3 (52... a4 {looks sharper.} 53. Qc6 Qb3 54. g5 a3) 53. Qxb3 $4 (53. Qc6 $11 {and White has nothing to worry.}) 53... Bxb3 $19 54. Kd4 Kg8 $1 55. Nf4 $2 (55. Kc3 Ba4 56. Kc4) 55... Kf7 $19 56. Kc3 Be6 57. Kd4 Ke7 58. Ng6+ Kd7 59. Nf8+ Ke7 60. Ng6+ $1 Kd8 61. Nf4 Kd7 62. Kc3 Bf7 ({Stronger than} 62... Bxg4 63. Nd5 $17) 63. Nd3 Bd5 64. Kd4 Bf3 65. Nf2 $2 (65. Nf4) 65... Ke6 $19 66. Ke3 {[%emt 0:00:05] [#]} Bd5 $2 (66... a4 $1 {[%cal Oa4a3] Threatens to win with ...a3!} 67. Kd2 Kxe5) 67. Kd4 $19 a4 68. Nd3 {[%emt 0:00:03] [#]} a3 $1 69. Nf4+ Kf7 70. Kxd5 $2 ({Avoid the trap} 70. Nxd5 $2 a2 71. Kc4 a1=Q $19) (70. Kc3 Bc4 71. Kc2 (71. Kxc4 $2 a2 $19)) 70... a2 $19 71. Kd6 a1=Q 72. e6+ Ke8 73. Nd5 Qa3+ 74. Ke5 Qc5 75. Ke4 Qd6 76. Nf4 Qb4+ 77. Ke5 Qxb5+ 78. Nd5 Qc5 79. e7 Qxd5+ 80. Kxd5 Kxe7 0-1

[Event "Reykjavik Open 2022"]
[Site "Reykjavik"]
[Date "2022.04.07"]
[Round "2.50"]
[White "Mitra, Akash"]
[Black "Louis, Thibault"]
[Result "1/2-1/2"]
[ECO "D02"]
[WhiteElo "1866"]
[BlackElo "2181"]
[Annotator "RC"]
[PlyCount "68"]
[EventDate "2022.04.06"]
[EventCountry "ISL"]
[SourceTitle "playchess.com"]
[Source "ChessBase"]
[SourceQuality "1"]
[TimeControl "40/5400+30:1800+30"]

1. d4 d5 2. Bf4 Nf6 3. e3 e6 4. Nf3 Be7 5. Bd3 c5 6. c3 Nc6 7. Nbd2 Nh5 8. Bg3 f5 9. Ne5 Nf6 10. O-O O-O 11. Qe2 Ne4 12. Nxe4 fxe4 13. Bc2 Bd6 14. Nxc6 bxc6 15. Bxd6 Qxd6 16. f3 exf3 17. Rxf3 Bd7 18. Raf1 g6 19. Qf2 cxd4 20. exd4 Rxf3 21. Qxf3 Rf8 22. Qxf8+ Qxf8 23. Rxf8+ Kxf8 24. Kf2 Ke7 25. Ke3 Kf6 26. Kf4 h6 27. b4 g5+ 28. Ke3 e5 29. a4 h5 30. Bd3 h4 31. Bc2 Ke6 32. Bd1 Kd6 33. Be2 Bf5 34. dxe5+ Kxe5 1/2-1/2

[Event "Reykjavik Open 2022"]
[Site "Reykjavik"]
[Date "2022.04.07"]
[Round "2.51"]
[White "Coursaget, Nicolas"]
[Black "Hughes, Anthony"]
[Result "1-0"]
[ECO "D37"]
[WhiteElo "2185"]
[BlackElo "1873"]
[Annotator "RC"]
[PlyCount "41"]
[EventDate "2022.04.06"]
[EventCountry "ISL"]
[SourceTitle "playchess.com"]
[Source "ChessBase"]
[SourceQuality "1"]
[TimeControl "40/5400+30:1800+30"]

1. d4 d5 2. Nf3 Nf6 3. c4 e6 4. Nc3 a6 5. cxd5 exd5 6. Bg5 Be7 7. e3 O-O 8. Qc2 Be6 9. Bd3 h6 10. Bh4 Nbd7 11. O-O Re8 12. Rae1 Nh5 13. Bxe7 Rxe7 14. Nd2 c5 15. f4 c4 16. Be2 g6 17. Bxh5 Bf5 18. Qd1 gxh5 19. Qxh5 Bd3 20. Rf3 Nf6 21. Qxh6 1-0

[Event "Reykjavik Open 2022"]
[Site "Reykjavik"]
[Date "2022.04.07"]
[Round "2.52"]
[White "Finnbogadottir, Tinna Kristin"]
[Black "Domalchuk-Jonasson, Aleksandr"]
[Result "0-1"]
[ECO "D05"]
[WhiteElo "1848"]
[BlackElo "2162"]
[Annotator "ChessBase"]
[PlyCount "86"]
[EventDate "2022.04.06"]
[EventCountry "ISL"]
[SourceTitle "playchess.com"]
[Source "ChessBase"]
[SourceQuality "1"]
[TimeControl "40/5400+30:1800+30"]

1. d4 Nf6 2. Nf3 e6 3. e3 c5 4. Bd3 Nc6 5. a3 d5 6. b3 b6 7. Nbd2 Bb7 8. Bb2 Be7 9. O-O O-O 10. h3 a5 11. Re1 a4 12. c4 axb3 13. Qxb3 cxd4 14. Nxd4 Na5 15. Qd1 Rc8 16. cxd5 Nxd5 17. Rc1 g6 18. N2f3 Bf6 19. Qe2 Qe7 20. Bb1 Bg7 21. Ba2 h6 22. Qd2 Rfd8 23. Rxc8 Bxc8 24. Qe2 Kh7 25. Rc1 Bb7 26. h4 e5 27. Nb5 e4 28. Nfd4 Qxh4 29. Bxd5 Rxd5 30. Rc7 Rh5 31. Qxh5 Qxh5 32. Rxf7 Qd1+ 33. Kh2 Qh5+ 34. Kg1 Kg8 35. Rd7 Qd1+ 36. Kh2 Qh5+ 37. Kg1 Nc4 38. Rxb7 Qd1+ 39. Kh2 Be5+ 40. g3 Qf1 41. Ne6 Qxf2+ 42. Kh1 Qe1+ 43. Kg2 Nxe3+ 0-1

[Event "Reykjavik Open 2022"]
[Site "Reykjavik"]
[Date "2022.04.07"]
[Round "2.53"]
[White "Karason, Askell O"]
[Black "Sarkisian, Arman"]
[Result "1/2-1/2"]
[ECO "A30"]
[WhiteElo "2186"]
[BlackElo "1806"]
[Annotator "RC"]
[PlyCount "135"]
[EventDate "2022.04.06"]
[EventCountry "ISL"]
[SourceTitle "playchess.com"]
[Source "ChessBase"]
[SourceQuality "1"]
[TimeControl "40/5400+30:1800+30"]

1. Nf3 Nf6 2. c4 e6 3. g3 b6 4. Bg2 Bb7 5. O-O c5 6. Nc3 Be7 7. d4 cxd4 8. Qxd4 O-O 9. Rd1 a6 10. b3 Nc6 11. Qf4 Qb8 12. Bb2 Qxf4 13. gxf4 Rfd8 14. Ne5 Rab8 15. Rac1 Nxe5 16. fxe5 Ne8 17. Ne4 d5 18. exd6 Nxd6 19. Nxd6 Bxd6 20. Rxd6 Rxd6 21. Be5 Rdd8 22. Bxb8 Rxb8 23. Bxb7 Rxb7 24. c5 Kf8 25. cxb6 Rxb6 26. Rc7 g5 27. f3 Kg7 28. Kf2 Kg6 29. Ke3 Rd6 30. b4 f5 31. a4 e5 32. b5 axb5 33. axb5 Rd4 34. b6 f4+ 35. Kf2 Rb4 36. b7 h5 37. h3 Rb1 38. e4 Rb2+ 39. Ke1 g4 40. fxg4 hxg4 41. hxg4 Kg5 42. Rg7+ Kh4 43. g5 Kg3 44. g6 f3 45. Rf7 f2+ 46. Rxf2 Rxb7 47. Rf7 Rb8 48. Ke2 Rg8 49. g7 Kg4 50. Kd3 Kg5 51. Rf5+ Kg6 52. Rxe5 Rxg7 53. Rf5 Rf7 54. Ra5 Rd7+ 55. Ke3 Kf6 56. Kf4 Rb7 57. Ra6+ Ke7 58. Kf5 Rb1 59. Ra7+ Ke8 60. Rg7 Kf8 61. Rc7 Ke8 62. e5 Rb6 63. Rh7 Kf8 64. Ke4 Ke8 65. Kd5 Ra6 66. Rb7 Rh6 67. e6 Rh1 68. Kd6 1/2-1/2

[Event "Reykjavik Open 2022"]
[Site "Reykjavik"]
[Date "2022.04.07"]
[Round "2.54"]
[White "Decosse, Jean-Fabien"]
[Black "Bohlin, Jan"]
[Result "1-0"]
[ECO "D36"]
[WhiteElo "2156"]
[BlackElo "1856"]
[Annotator "RC"]
[PlyCount "117"]
[EventDate "2022.04.06"]
[EventCountry "ISL"]
[SourceTitle "playchess.com"]
[Source "ChessBase"]
[SourceQuality "1"]
[TimeControl "40/5400+30:1800+30"]

1. d4 Nf6 2. c4 e6 3. Nc3 d5 4. cxd5 exd5 5. Bg5 c6 6. e3 h6 7. Bh4 Be7 8. Bd3 O-O 9. Qc2 Re8 10. Nge2 Nbd7 11. O-O a5 12. f3 b5 13. Bf2 Ba6 14. Kh1 Nb6 15. Bg1 b4 16. Bxa6 Rxa6 17. Nb1 Nbd7 18. Nd2 c5 19. dxc5 Bxc5 20. Nd4 Bxd4 21. exd4 Rae6 22. a3 Re2 23. axb4 axb4 24. Rf2 Qe7 25. Raf1 Nh5 26. g3 Nhf6 27. Kg2 Nb6 28. b3 Rxf2+ 29. Bxf2 Rc8 30. Qd3 Qd7 31. Qa6 Qc6 32. Re1 Ra8 33. Qd3 Nc8 34. g4 Qc3 35. Re3 Qxd3 36. Rxd3 Nd6 37. Nf1 Nb5 38. Be1 Ra2+ 39. Kg1 Nc3 40. Bxc3 bxc3 41. Rxc3 Rb2 42. Rc8+ Kh7 43. Rb8 g5 44. Rb6 Kg7 45. Ne3 h5 46. h4 gxh4 47. g5 Nh7 48. Nf5+ Kg8 49. Rb8+ Nf8 50. Nxh4 Kg7 51. Nf5+ Kg6 52. Ne7+ Kg7 53. f4 Ne6 54. Rg8+ Kh7 55. f5 Nxd4 56. g6+ fxg6 57. fxg6+ Kh6 58. Rh8+ Kg5 59. g7 1-0

[Event "Reykjavik Open 2022"]
[Site "Reykjavik"]
[Date "2022.04.07"]
[Round "2.55"]
[White "Anand, Vignesh"]
[Black "Kull, Florian"]
[Result "0-1"]
[ECO "A19"]
[WhiteElo "1882"]
[BlackElo "2138"]
[Annotator "RC"]
[PlyCount "49"]
[EventDate "2022.04.06"]
[EventCountry "ISL"]
[SourceTitle "playchess.com"]
[Source "ChessBase"]
[SourceQuality "1"]
[TimeControl "40/5400+30:1800+30"]

1. c4 Nf6 2. Nc3 e6 3. e4 c5 4. g3 d5 5. cxd5 exd5 6. e5 Nfd7 7. d4 Nc6 8. dxc5 d4 9. Ne4 Ndxe5 10. f4 Bg4 11. Be2 Qd5 12. Bxg4 Qxe4+ 13. Qe2 Qxh1 14. Kf1 Bxc5 15. fxe5 d3 16. Qg2 Qxg1+ 17. Qxg1 Bxg1 18. Kxg1 Nxe5 19. Bd1 O-O 20. Bf4 Rfe8 21. Ba4 Nc6 22. Rd1 Rad8 23. Bb5 a6 24. Bxd3 Nb4 25. Kf1 0-1

[Event "Reykjavik Open 2022"]
[Site "Reykjavik"]
[Date "2022.04.07"]
[Round "2.56"]
[White "Sigeman, Johan"]
[Black "Jonsson, Olafur Gisli"]
[Result "1-0"]
[ECO "E09"]
[WhiteElo "2136"]
[BlackElo "1821"]
[Annotator "ChessBase"]
[PlyCount "101"]
[EventDate "2022.04.06"]
[EventCountry "ISL"]
[SourceTitle "playchess.com"]
[Source "ChessBase"]
[SourceQuality "1"]
[TimeControl "40/5400+30:1800+30"]

1. d4 Nf6 2. c4 e6 3. g3 d5 4. Bg2 Be7 5. Nf3 O-O 6. O-O Nbd7 7. Nc3 c6 8. b3 b6 9. Bb2 Bb7 10. Qc2 Rc8 11. e4 dxe4 12. Ng5 c5 13. Ncxe4 Nxe4 14. Nxe4 Bxe4 15. Bxe4 Nf6 16. dxc5 Nxe4 17. Qxe4 Rxc5 18. Rfd1 Qc7 19. Rd3 Rd8 20. Rad1 Rxd3 21. Rxd3 h6 22. h4 Bf6 23. Bxf6 gxf6 24. Qa8+ Kg7 25. Rd8 f5 26. Rh8 b5 27. Qf8+ Kf6 28. Qxh6+ Ke7 29. Qg5+ Kd7 30. Rf8 Kc6 31. cxb5+ Kxb5 32. Qf4 Rc1+ 33. Kh2 Qc5 34. Rb8+ Ka6 35. Qa4+ Qa5 36. Qxa5+ Kxa5 37. Rb7 Ka6 38. Rxf7 Rc2 39. Kg2 Rxa2 40. h5 Rb2 41. Re7 Rxb3 42. Rxe6+ Kb7 43. h6 Rc3 44. h7 Rc8 45. Rh6 Rh8 46. Kf3 a5 47. Kf4 a4 48. Kxf5 a3 49. Kg6 a2 50. Rh1 Rc8 51. Ra1 1-0

[Event "Reykjavik Open 2022"]
[Site "Reykjavik"]
[Date "2022.04.07"]
[Round "2.57"]
[White "Karlsson, Mikael Johann"]
[Black "Jonsson, Kristjan Dagur"]
[Result "1-0"]
[ECO "A20"]
[WhiteElo "2119"]
[BlackElo "1797"]
[Annotator "RC"]
[PlyCount "55"]
[EventDate "2022.04.06"]
[EventCountry "ISL"]
[SourceTitle "playchess.com"]
[Source "ChessBase"]
[SourceQuality "1"]
[TimeControl "40/5400+30:1800+30"]

1. c4 e5 2. g3 Nf6 3. Bg2 d5 4. cxd5 Nxd5 5. Nf3 Nc6 6. O-O Be7 7. d4 exd4 8. Nxd4 Nxd4 9. Qxd4 Be6 10. Qxg7 Bf6 11. Qh6 Qe7 12. e4 Nb4 13. Nc3 O-O-O 14. Be3 Kb8 15. Bc5 Qxc5 16. Qxf6 h5 17. a3 Nd3 18. b4 Qd4 19. Qxd4 Rxd4 20. Rfd1 Rhd8 21. Rd2 Ne5 22. Rxd4 Rxd4 23. Ne2 Rd2 24. Nf4 Bg4 25. h3 Bd1 26. Rc1 Nf3+ 27. Kf1 Nd4 28. Ke1 1-0

[Event "Reykjavik Open 2022"]
[Site "Reykjavik"]
[Date "2022.04.07"]
[Round "3.1"]
[White "Cornette, Matthieu"]
[Black "Gukesh D"]
[Result "1/2-1/2"]
[ECO "B31"]
[WhiteElo "2571"]
[BlackElo "2614"]
[Annotator "TA"]
[PlyCount "68"]
[EventDate "2022.04.06"]
[EventCountry "ISL"]
[SourceTitle "playchess.com"]
[Source "ChessBase"]
[SourceQuality "1"]
[TimeControl "40/5400+30:1800+30"]

1. e4 c5 2. Nf3 Nc6 3. Bb5 g6 4. c3 Nf6 5. Qe2 Bg7 6. d4 d5 7. e5 Ne4 8. O-O O-O 9. Rd1 cxd4 10. cxd4 Bd7 11. Bxc6 Bxc6 12. Ne1 f6 13. f3 Ng5 14. Bxg5 fxg5 15. Nc3 e6 16. Nd3 Rc8 17. Rac1 Rf7 18. Nc5 Qe8 19. Qe3 b6 20. Nd3 Qd8 21. Rf1 Bd7 22. Rf2 Bf8 23. Rcf1 b5 24. Ne2 b4 25. Nc5 Bxc5 26. dxc5 Bb5 $1 27. Rc1 $1 Bxe2 28. Rxe2 Rc6 29. b3 Rf5 30. Qd4 a5 31. Qe3 Qf8 32. Rf2 Qb8 33. Re2 Qd8 34. g3 Qe7 1/2-1/2

[Event "Reykjavik Open 2022"]
[Site "Reykjavik"]
[Date "2022.04.07"]
[Round "3.2"]
[White "Niemann, Hans Moke"]
[Black "Beerdsen, Thomas"]
[Result "1-0"]
[ECO "B51"]
[WhiteElo "2642"]
[BlackElo "2508"]
[Annotator "TA"]
[PlyCount "59"]
[EventDate "2022.04.06"]
[EventCountry "ISL"]
[SourceTitle "playchess.com"]
[Source "ChessBase"]
[SourceQuality "1"]
[TimeControl "40/5400+30:1800+30"]

1. e4 c5 2. Nf3 d6 3. Bb5+ Nd7 4. O-O a6 5. Bd3 Ngf6 6. Re1 e5 7. a4 Be7 8. c3 O-O 9. Bf1 Re8 10. d4 exd4 11. cxd4 cxd4 12. Nxd4 d5 13. exd5 Nb6 14. Nc3 Nbxd5 15. Qb3 Bc5 16. Rxe8+ Qxe8 17. Nxd5 Bxd4 18. Nxf6+ Bxf6 19. Be3 Bd7 20. Qxb7 Bc6 21. Qb4 Rb8 (21... a5 $5 22. Qd2 Bxa4 $11) 22. Bb6 a5 ({Black should play} 22... Bxa4 $1 $14 23. Rxa4 Be7) 23. Qxa5 $16 Qe4 {[%emt 0:07:07] [#]} (23... Bxb2 $16 24. Re1 Qc8) 24. Rc1 $1 $18 Bxb2 (24... h6 $16 {keeps fighting.} 25. b3 Bb2) 25. Rc4 $18 Qe6 26. Qc5 Bd5 {[%emt 0:02:03] [#]} 27. Rc2 $1 Be5 28. a5 Qf5 (28... Bd6 {was worth a try.} 29. Qe3 h6) 29. Bc7 $18 Rc8 $2 (29... Bxc7 30. Qxc7 Re8) 30. Qxd5 1-0

[Event "Reykjavik Open 2022"]
[Site "Reykjavik"]
[Date "2022.04.07"]
[Round "3.3"]
[White "Steingrimsson, Hedinn"]
[Black "Adhiban, B.."]
[Result "1/2-1/2"]
[ECO "E14"]
[WhiteElo "2535"]
[BlackElo "2648"]
[Annotator "TA"]
[PlyCount "55"]
[EventDate "2022.04.06"]
[EventCountry "ISL"]
[SourceTitle "playchess.com"]
[Source "ChessBase"]
[SourceQuality "1"]
[TimeControl "40/5400+30:1800+30"]

1. Nf3 d5 2. d4 e6 3. c4 Nf6 4. Nc3 c6 5. e3 Nbd7 6. Qc2 b6 7. cxd5 exd5 8. Bd3 Bb7 9. O-O Be7 10. e4 dxe4 11. Nxe4 O-O 12. Ne5 c5 13. Ng5 g6 14. Bc4 Nd5 (14... Bd5 $11) 15. Ngxf7 Rxf7 16. Nxf7 Kxf7 17. Qb3 ({Reject} 17. Qe4 $6 N7f6 18. Qh4 Nh5 $11) (17. Rd1 $5 ) 17... N7f6 18. dxc5 Bxc5 19. Bg5 Qd7 $2 (19... Qd6 $14) 20. Rad1 Rd8 (20... Qf5 $2 21. Bxf6 Kxf6 22. Bxd5 $18) 21. Qf3 $2 ({White should play} 21. Bxf6 $18 Kxf6 22. Rd2 (22. Qg3 Qd6 $15)) 21... Qf5 $11 22. Qxf5 gxf5 23. Rd3 Kg6 24. Bxf6 Kxf6 25. Rfd1 Ke5 26. Re1+ Kf6 27. Red1 Ke5 28. Re1+ 1/2-1/2

[Event "Reykjavik Open 2022"]
[Site "Reykjavik"]
[Date "2022.04.07"]
[Round "3.4"]
[White "Gupta, Abhijeet"]
[Black "Jarmula, Lukasz"]
[Result "0-1"]
[ECO "D40"]
[WhiteElo "2628"]
[BlackElo "2434"]
[Annotator "TA"]
[PlyCount "92"]
[EventDate "2022.04.06"]
[EventCountry "ISL"]
[SourceTitle "playchess.com"]
[Source "ChessBase"]
[SourceQuality "1"]
[TimeControl "40/5400+30:1800+30"]

1. d4 d5 2. c4 dxc4 3. Nf3 Nf6 4. e3 e6 5. Bxc4 c5 6. O-O Nc6 7. Nc3 a6 8. a3 b5 9. Ba2 Bb7 10. Qe2 Qc7 11. dxc5 Bxc5 12. b4 Bd6 13. Bb2 Rd8 14. Rac1 Qb8 15. Bb1 Ne5 16. Nxe5 Bxe5 17. f4 Bc7 18. Kh1 h5 19. Rfd1 Rxd1+ 20. Nxd1 h4 21. Bxf6 gxf6 22. Nf2 h3 23. Be4 hxg2+ 24. Kxg2 f5 25. Qc2 Bxe4+ 26. Nxe4 Qa8 27. Kg1 Qxe4 28. Qxe4 fxe4 29. Rxc7 Rh3 30. Rc3 Kf8 ({Black should play} 30... Ke7 $19 {Threatens to win with ...Kf6.} 31. Kg2 Rf3) 31. Kg2 $15 Rf3 $1 32. Kg1 $2 (32. Rc6 $17 {was necessary.}) 32... Kg7 33. Kg2 Kg6 34. Kg1 Kf5 35. Kg2 e5 $2 (35... Kg4 $19 {...Rh3 is the strong threat.} 36. Kg1 Kf5) 36. fxe5 $11 Kxe5 37. Rc5+ Kf6 38. Rc6+ $2 {[%emt 0:01:06] [#]} ({Only move:} 38. h4 $1 $15) 38... Kg5 $1 $19 39. Rxa6 $2 (39. Rc7) 39... f5 $19 ({But not} 39... Rxe3 $2 40. Ra5 $19) 40. Rb6 Rxe3 41. Rxb5 Rxa3 42. Rb8 Ra2+ 43. Kh3 Kf4 44. b5 Kf3 (44... e3 $142 45. Rc8 Rb2 46. Rc4+ Kf3 47. Rc5 e2 48. Rc3+ Kf2 49. Rc1 f4 50. Kg4 f3 51. h3 Rxb5 52. Rc2 Rb4+ 53. Kf5 Kf1 54. Rc3 f2 55. Re3 e1=Q 56. Re5 Rb6 57. Kf4 Kg2 58. Rg5+ Kh2 59. Rg3 f1=Q+ 60. Rf3 Qg2 61. Kf5 Qxf3+ 62. Kg5 Qeg3#) 45. b6 Rb2 46. Kh4 f4 0-1

[Event "Reykjavik Open 2022"]
[Site "Reykjavik"]
[Date "2022.04.07"]
[Round "3.5"]
[White "Maze, Sebastien"]
[Black "Warmerdam, Max"]
[Result "1/2-1/2"]
[ECO "B46"]
[WhiteElo "2527"]
[BlackElo "2607"]
[Annotator "TA"]
[PlyCount "26"]
[EventDate "2022.04.06"]
[EventCountry "ISL"]
[SourceTitle "playchess.com"]
[Source "ChessBase"]
[SourceQuality "1"]
[TimeControl "40/5400+30:1800+30"]

1. e4 c5 2. Nf3 e6 3. d4 cxd4 4. Nxd4 Nc6 5. Nc3 Qc7 6. f4 a6 7. Nxc6 bxc6 8. Bd3 d5 9. O-O Nf6 10. Qe2 Be7 {[%emt 0:00:07] B46: Sicilian: Taimanov: 5 Nc3 a6.} 11. Bd2 O-O 12. Rae1 g6 13. b3 {[%emt 0:02:13] [#]} dxe4 $146 {[%emt 0:12:58] An interesting draw.  Weighted Error Value: White=0.03 (flawless) /Black=0.05 (flawless)} ({Predecessor:} 13... a5 14. Rf3 dxe4 15. Nxe4 Nxe4 16. Bxe4 Ba6 17. Qf2 Rfd8 18. Bc3 Bb4 19. Bxb4 axb4 {1-0 (37) Vocaturo,D (2626)-Javakhishvili,L (2452) Caleta 2019}) 1/2-1/2

[Event "Reykjavik Open 2022"]
[Site "Reykjavik"]
[Date "2022.04.07"]
[Round "3.6"]
[White "Larkin, Vladyslav"]
[Black "Fier, Alexandr"]
[Result "1/2-1/2"]
[ECO "B31"]
[WhiteElo "2399"]
[BlackElo "2583"]
[Annotator "TA"]
[PlyCount "119"]
[EventDate "2022.04.06"]
[EventCountry "ISL"]
[SourceTitle "playchess.com"]
[Source "ChessBase"]
[SourceQuality "1"]
[TimeControl "40/5400+30:1800+30"]

1. e4 c5 2. Nf3 Nc6 3. Bb5 g6 4. Bxc6 bxc6 5. O-O Bg7 6. Re1 Nf6 7. c3 O-O 8. h3 d6 9. d4 cxd4 10. cxd4 Rb8 11. Nc3 Nd7 12. b3 c5 13. Be3 Bb7 14. Rc1 Qa5 15. Qd2 Rfc8 16. dxc5 Nxc5 17. Bd4 Bf8 18. Rc2 e5 19. Bxc5 Rxc5 20. b4 Qxb4 21. Rb1 Qc4 22. Rb3 Rcc8 23. Rcb2 Qc7 24. Qd3 Bc6 25. Qa6 Rxb3 26. Rxb3 Bh6 27. g3 Qd7 28. Kg2 f5 29. Nd5 Kg7 30. Ne7 Rc7 31. Nxc6 Rxc6 32. Qd3 Rc7 33. exf5 Qc6 34. fxg6 hxg6 35. Rb4 Rf7 36. Rg4 Rf6 37. h4 Qc8 38. Rc4 Qb7 39. Ra4 (39. Qc3 $16 {Threatens to win with Rc7+.} Qd5 40. Rc7+ Rf7 41. Rxf7+ Qxf7 42. Qc6) 39... Qb6 (39... Kh8 $14) 40. Qa3 (40. Qd5 $18) 40... a5 $16 41. Qb3 Qa7 {[%emt 0:05:43] [#]} (41... Qxb3 $16 42. axb3 Rf8) 42. Qd5 $1 $18 Qb6 $2 (42... Qf7 $16 {is a better defense.} 43. Rxa5 Qxd5 44. Rxd5 Kf7 45. Ng5+ Bxg5) 43. Rc4 Qb2 $2 (43... Kh8 44. Rc6 Qb7 45. Rxd6 Qxd5 46. Rxd5 e4) 44. Rc8 $18 Rf7 45. Qxd6 Be3 46. Kh3 Rxf3 47. Rc7+ $2 ({Not} 47. fxe3 Qb5 $16) (47. Qd7+ {mates} Rf7 48. Qd8 g5 49. h5 (49. fxe3 {is a self mate.} g4+ 50. Kxg4 Qe2+ 51. Kg5 Qxe3+ 52. Kh5 Qh6+ 53. Kg4 Qe6+ 54. Kh5 Qg6#) 49... g4+ 50. Kh4 Rxf2 51. Qh8+ Kf7 52. Qe8+ Kf6 53. Rc6+ Kg7 54. Rg6+ Kh7 55. Qg8#) 47... Rf7 $16 48. Rxf7+ (48. fxe3 $16 {[%cal Oh4h5] Strongly threatening h5!} Qb5 49. Rxf7+ Kxf7 50. Qd1) 48... Kxf7 $11 49. Qd5+ Kf6 50. fxe3 Qf2 51. Qc6+ Kg7 52. Qc7+ Kh6 53. Qxe5 Qf1+ 54. Kg4 Qd1+ 55. Kf4 Qf1+ 56. Ke4 Qb1+ 57. Kd4 Qb2+ 58. Ke4 Qb1+ 59. Kd4 Qb2+ 60. Ke4 1/2-1/2

[Event "Reykjavik Open 2022"]
[Site "Reykjavik"]
[Date "2022.04.07"]
[Round "3.7"]
[White "Idani, Pouya"]
[Black "Tania, Sachdev"]
[Result "1-0"]
[ECO "C88"]
[WhiteElo "2621"]
[BlackElo "2392"]
[Annotator "TA"]
[PlyCount "71"]
[EventDate "2022.04.06"]
[EventCountry "ISL"]
[SourceTitle "playchess.com"]
[Source "ChessBase"]
[SourceQuality "1"]
[TimeControl "40/5400+30:1800+30"]

1. e4 e5 2. Nf3 Nc6 3. Bb5 a6 4. Ba4 Nf6 5. O-O Be7 6. Re1 b5 7. Bb3 O-O 8. a4 b4 9. d4 d6 10. dxe5 dxe5 11. Qe2 h6 12. Be3 Bd6 13. Nbd2 Na5 14. Ba2 Ng4 15. Nf1 Rb8 16. N3d2 Nxe3 17. Nxe3 Bc5 18. Nf3 Bxe3 19. Qxe3 Qe7 20. Rad1 Bg4 21. h3 Bxf3 22. Qxf3 Qe8 23. Bb3 Nc6 24. Qd3 ({White should try} 24. Rd5 $14) 24... Qc8 (24... Rb6 $1 $11) 25. Bc4 $16 Rb6 (25... Qe8 $142) 26. Qd7 Qb8 (26... Qxd7 $16 27. Rxd7 Na5 28. Rxc7 Nxc4 29. Rxc4 Rd8) 27. Qd5 $18 Nd4 (27... a5 $142 28. Qc5 Rd8) 28. Qxe5 $18 Nxc2 29. Re2 b3 30. Red2 Rf6 31. Qe7 Rd6 $2 (31... Qe8 {was necessary.} 32. Rd7 (32. Qxc7 Rc6 $17) 32... Qxe7 33. Rxe7 Rd6 34. Rxd6 cxd6 35. Bxb3 Nd4) 32. Rxd6 cxd6 33. Rxd6 Kh7 $2 (33... Qc8) 34. e5 $18 Nb4 35. Bxf7 Rc8 36. Rxh6+ 1-0

[Event "Reykjavik Open 2022"]
[Site "Reykjavik"]
[Date "2022.04.07"]
[Round "3.8"]
[White "Sadhwani, Raunak"]
[Black "Grieve, Harry"]
[Result "1-0"]
[ECO "A84"]
[WhiteElo "2616"]
[BlackElo "2384"]
[Annotator "TA"]
[PlyCount "101"]
[EventDate "2022.04.06"]
[EventCountry "ISL"]
[SourceTitle "playchess.com"]
[Source "ChessBase"]
[SourceQuality "1"]
[TimeControl "40/5400+30:1800+30"]

1. d4 d5 2. Nf3 e6 3. c4 c6 4. e3 Bd6 5. Be2 f5 6. O-O Nf6 7. b3 Qe7 8. a4 a5 9. Ba3 O-O 10. Bxd6 Qxd6 11. Nbd2 Nbd7 12. Qc2 Ne4 13. Rfc1 Kh8 14. Ne1 g5 15. f3 Nxd2 16. Qxd2 f4 17. Nd3 Rf6 18. Bf1 Nf8 19. Re1 Ng6 20. Qc3 fxe3 21. Rxe3 Bd7 22. Rae1 Qc7 23. Nc5 Raf8 24. g3 h5 25. Bh3 b6 26. Nxd7 Qxd7 27. Rxe6 g4 28. Rxf6 Rxf6 29. fxg4 hxg4 30. Bg2 dxc4 31. bxc4 Kh7 32. d5 Qg7 33. Qc2 cxd5 34. Bxd5 (34. cxd5 Qd7 35. Qd1 Rd6) 34... Qf8 35. Qe2 Qb4 36. Rd1 (36. Qe8 Kg7 37. Kg2 Qd2+ 38. Qe2 Qc3) 36... Qxa4 37. Qxg4 Kh6 (37... Qe8 {was worth a try.} 38. h4 Qe3+ 39. Kh1 Kh6) 38. Qd4 $18 Qc2 39. h4 (39. Qxf6 Qxd1+ 40. Qf1 (40. Kg2 Qe2+ 41. Kh3 Qh5+ 42. Kg2 Qe2+ 43. Kh1 Qd1+ 44. Kg2 Qe2+ $11) 40... Qxf1+ 41. Kxf1 a4 $11) 39... Ne5 $2 (39... Qe2 40. Qxf6 Qxd1+ 41. Kh2 Qe2+ 42. Kh3 a4 43. Qg5+ (43. Qxb6 a3 $11) 43... Kh7) 40. Re1 ({Not} 40. Qxe5 Qxd1+ 41. Kh2 Qc2+ 42. Bg2 Qf5 $15) 40... Ng4 41. Bg2 Qf2+ (41... Kh5 $142 42. Qd5+ Rf5) 42. Qxf2 $18 Nxf2 43. Re7 Kh5 44. Rg7 Nd1 45. Be4 Nc3 (45... a4 $142 46. Bc2 Ne3 47. Bxa4 Nxc4) 46. Bd3 $18 Rd6 47. Bf5 a4 48. Rh7+ Rh6 49. g4+ Kxh4 50. Rxh6+ Kg3 51. Rxb6 1-0